Map: Torres Crepusculares

Players

TheZergLord - Winner!

  • Race: Zerg Zerg
  • League: Master

Predator

  • Race: Zerg Zerg
  • League: Master

VOD

Have the link to the VOD?

Description

Time

  • Played on: May 23, 2016, 7:31 a.m.
  • Length: 6:37
Show
View Real Time Build Order
Export as new Build Order

TheZergLord Zerg - Winner!

Build Orders: Hatch First 

Get SALT Encoding   

  12  0:01  Drone  
  13  0:13  Overlord  
  13  0:17  Drone  
  14  0:32  Drone x2  
  14  0:35  Drone  
  17  0:53  Hatchery  
  17  0:55  Drone  
  17  1:09  Spawning Pool  
  16  1:12  Extractor  
  16  1:14  Drone  
  16  1:17  Drone  
  17  1:22  Drone  
  18  1:31  Drone  
  19  1:41  Overlord  
  19  1:52  Drone  
  20  1:56  Queen  
  22  2:03  Zergling x2  
  22  2:05  Queen  
  22  2:06  Drone  
  26  2:14  Drone  
  27  2:22  Drone  
  28  2:32  Queen, Overlord  
  30  2:41  Queen  
  31  3:02  Drone  
  31  3:03  Drone x2  
  31  3:04  Drone x3  
  36  3:17  Lair  
  36  3:19  Drone x2  
  39  3:20  Drone x4  
  39  3:24  Evolution Chamber  
  39  3:26  Roach Warren  
  40  3:32  Overlord  
  40  3:33  Drone  
  41  3:35  Drone  
  41  3:40  Drone  
  43  3:45  Extractor x2  
  41  3:50  Zerg Missile Weapons Level 1  
  41  3:51  Overlord  
  41  3:52  Drone x3  
  41  3:54  Drone  
  45  3:56  Drone  
  45  4:01  Drone x2  
  48  4:03  Drone  
  49  4:12  Roach x2  
  49  4:15  Glial Reconstitution  
  49  4:17  Roach x2  
  57  4:21  Roach  
  59  4:28  Overlord  
  59  4:40  Overlord  
  59  4:42  Overlord x3  
  59  4:59  Roach x5  
  71  5:00  Roach  
  71  5:03  Roach x2  
  64  5:21  Roach x4  
  68  5:31  Roach x5  
  74  5:46  Roach  
  74  5:47  Roach  
  78  5:56  Roach  
  78  5:57  Roach x4  
  84  6:02  Roach  
  90  6:06  Drone  
  91  6:13  Drone  
  91  6:15  Drone  
  85  6:33  Hatchery  
Show
View Real Time Build Order
Export as new Build Order

Predator Zerg 

Build Orders: Pool First, Zergling Baneling 

Get SALT Encoding   

  12  0:01  Drone  
  13  0:12  Overlord  
  13  0:17  Drone  
  14  0:30  Drone  
  14  0:31  Drone  
  14  0:34  Drone  
  17  0:45  Spawning Pool  
  17  0:48  Drone  
  17  1:10  Hatchery  
  16  1:14  Drone  
  16  1:16  Extractor  
  16  1:17  Drone  
  17  1:21  Drone  
  18  1:28  Drone  
  19  1:34  Queen  
  21  1:41  Overlord  
  21  1:52  Zergling x2  
  22  2:00  Drone  
  23  2:09  Queen  
  23  2:11  Drone  
  26  2:21  Overlord  
  26  2:23  Drone  
  27  2:31  Metabolic Boost  
  27  2:32  Drone  
  27  2:33  Drone  
  29  2:41  Drone, Baneling Nest  
  29  2:42  Drone  
  29  2:43  Drone  
  31  2:44  Drone  
  31  2:45  Drone  
  33  2:54  Drone  
  33  2:55  Drone  
  34  3:04  Queen  
  36  3:14  Hatchery  
  35  3:21  Overlord x2  
  35  3:24  Drone  
  35  3:25  Drone  
  37  3:27  Drone  
  37  3:29  Drone  
  39  3:36  Drone, Zergling x4  
  39  3:37  Zergling x2  
  39  3:39  Zergling x2  
  44  3:46  Zergling x2  
  45  3:51  Zergling x8  
  45  3:53  Zergling x2  
  45  3:54  Zergling x2  
  45  3:55  Zergling x2  
  52  3:59  Zergling x2  
  52  4:02  Zergling x2  
  54  4:09  Overlord  
  54  4:15  Zergling x2  
  55  4:18  Overlord  
  55  4:20  Zergling x4  
  55  4:21  Zergling x6  
  60  4:27  Overlord  
  60  4:29  Roach Warren  
  59  4:34  Baneling x4  
  59  4:35  Baneling x6  
  59  4:36  Baneling x3  
  59  4:38  Zergling x2  
  60  4:42  Zergling x2  
  60  4:43  Zergling x4  
  60  4:45  Zergling x2  
  64  4:51  Zergling x6  
  64  4:52  Zergling x2  
  67  4:54  Zergling x2  
  66  5:04  Zergling x8  
  66  5:06  Zergling x2  
  66  5:07  Zergling x2  
  66  5:10  Zergling x4  
  65  5:16  Zergling x2  
  65  5:18  Drone  
  65  5:20  Drone  
  63  5:21  Extractor  
  63  5:22  Drone  
  63  5:25  Drone x5  
  60  5:35  Roach  
  60  5:36  Roach x3  
  60  5:38  Drone  
  60  5:40  Drone  
  66  5:45  Overlord  
  66  5:46  Overlord  
  56  6:00  Roach  
  56  6:01  Roach x4  
  56  6:04  Roach  
  68  6:05  Overlord  
  68  6:08  Evolution Chamber, Roach  
  69  6:13  Roach  
  73  6:18  Roach  
Tags
 
Add a new tag
Caveats
  • Supply blocks, unpowered buildings, or Contaminate may cause inaccurate times.
  • Supply counts are checked every 10 seconds.